 Dungeon Crawl Stone Soup version 0.31-a0-1555-g5715333c33 (webtiles) character file.

Game seed: 3156435283831750427

65 GordonOverkill the Sneak (level 3, -1/20 HPs)
             Began as a Spriggan Delver on Jan 1, 2024.
             Incinerated by a bombardier beetle (3 damage)
             ... with a burning spray
             ... on level 3 of the Dungeon on Jan 3, 2024.
             The game lasted 00:05:55 (684 turns).

GordonOverkill the Sneak (Spriggan Delver)           Turns: 684, Time: 00:05:56

Health: -1/20      AC:  2    Str: 10    XL:     3   Next: 92%
Magic:  4/4        EV: 17    Int: 11    God:
Gold:   122        SH:  0    Dex: 16    Spells: 2/2 levels left

rFire   . . .        a - +0 short sword
rCold   . . .        (no shield)
rNeg    . . .        b - +0 robe
rPois   .            (helmet restricted)
rElec   .            (no cloak)
rCorr   .            (gloves unavailable)
SInv    +            (boots unavailable)
Will    .....        (no amulet)
Stlth   ++           (no ring)
HPRegen 0.23/turn    (no ring)
MPRegen 0.09/turn

%: no passive effects
@: on fire, glowing, very quick
A: very small, no large weapons, unfitting armour, see invisible, speed 3
a: no special abilities


You were on level 3 of the Dungeon.
You visited 1 branch of the dungeon, and saw 3 of its levels.

You collected 122 gold pieces.

Inventory:

Hand Weapons
 a - a +0 short sword (weapon)
Armour
 b - a +0 robe (worn)
Talismans
 l - a blade talisman
Wands
 g - a wand of digging (3)
Scrolls
 c - a scroll of fog
 d - a scroll of revelation
 e - a scroll of fear
 h - a scroll of identify {unknown}
 j - 3 scrolls of summoning {unknown}
 k - a scroll of teleportation {unknown}
Potions
 f - a potion of haste
 i - 2 potions of brilliance {unknown}


   Skills:
 - Level 3.0 Fighting
 - Level 2.5 Short Blades
 - Level 2.6 Dodging
 - Level 7.2 Stealth
 + Level 3.3 Shapeshifting


You had 2 spell levels left.
You didn't know any spells.
Your spell library was empty.

Dungeon Overview and Level Annotations

Branches:
Dungeon (5/15)
 Temple: D:4-7

Altars:
Vehumet


Innate Abilities, Weirdness & Mutations

You are very small and have problems with some larger weapons.
You are too small for most types of armour.
You have supernaturally acute eyesight. (SInv)
You cover ground extremely quickly. (Speed+++)


Message History

Found a stone staircase leading down.
Found a talisman of death.
A bombardier beetle comes into view.
A bombardier beetle is nearby!
A bombardier beetle is nearby!
You barely miss the bombardier beetle. The bombardier beetle misses you.
You hit the bombardier beetle but do no damage.
You barely miss the bombardier beetle.
The bombardier beetle sprays incendiary fluid at you.
The burning spray hits you.
You are covered in liquid fire!
You hit the bombardier beetle.
You punch the bombardier beetle, but do no damage.
The bombardier beetle is lightly wounded.
The liquid fire burns you!
You hit the bombardier beetle but do no damage.
The bombardier beetle is lightly wounded.
The liquid fire burns you!
* * * LOW HITPOINT WARNING * * *
The bombardier beetle bites you.
* * * LOW HITPOINT WARNING * * *
You are too injured to fight recklessly!
You completely miss the bombardier beetle.
The bombardier beetle is lightly wounded.
The liquid fire burns you!
* * * LOW HITPOINT WARNING * * *
The bombardier beetle bites you but does no damage.
You hit the bombardier beetle.
The bombardier beetle is lightly wounded.
The liquid fire burns you!
* * * LOW HITPOINT WARNING * * *
You hit the bombardier beetle.
The bombardier beetle is moderately wounded.
The liquid fire burns you!
* * * LOW HITPOINT WARNING * * *
The bombardier beetle barely misses you.
You hit the bombardier beetle but do no damage.
The bombardier beetle is moderately wounded.
The liquid fire burns you!
You die...

......##
.......####
..........####
.............#####
............>....#
.....#.#..##.###.#
.)..##.#..##.# #.#
###.##.#..##.# #B#
#.##.#...#.# #@#
#.##.##..#.# #.#
#.##.###.#%# #.#
#.##.# #.#.# #.#
#.##.###.#.###.#
#.##...........#
#..........#####
#######.### #.#


You could see a bombardier beetle.

Vanquished Creatures
  An orc priest (D:4)
  2 adders (D:4)
  3 orcs (D:4)
  An endoplasm (D:4)
  2 giant cockroaches (D:4)
  A goblin (D:4)
  A hobgoblin (D:4)
  2 kobolds
13 creatures vanquished.

Notes
Turn   | Place    | Note
-------+----------+-------------------------------------------
     0 | D:5      | GordonOverkill the Spriggan Delver began the quest for the
                  | Orb.
     0 | D:5      | Reached XP level 1. HP: 11/11 MP: 2/2
    29 | D:5      | Noticed a scorpion
    29 | D:5      | Noticed an ogre
    53 | D:5      | Noticed a hound
   148 | D:4      | Reached XP level 2. HP: 16/16 MP: 3/3
   470 | D:4      | Noticed an ogre
   488 | D:4      | Reached skill level 1 in Shapeshifting
   509 | D:4      | Reached XP level 3. HP: 20/20 MP: 4/4
   532 | D:4      | Upgraded the game from 0.31-a0-1537-g69dc257577 to
                  | 0.31-a0-1555-g5715333c33
   575 | D:4      | Noticed a phantom
   576 | D:4      | Found a radiant altar of Vehumet.
   684 | D:3      | Incinerated by a bombardier beetle

Illustrated notes

Levels and vault maps discovered:
D:3:      layout_loops_ring, minmay_lizard_king
D:4:      layout_loops_ring, vehumet_altar_wand_db, dk_noncrumbling_2,
          uniq_sigmund, uniq_eustachio
D:5:      layout_loops_cross, biasface_ghost_orc_armoury, grunt_ministairs_13,
          st_stairs_10, minmay_misc_feat_doors, abandoned_shop,
          minmay_misc_feat_rows

Skill      XL: |  1  2  3 |
---------------+----------+-----
Fighting       | 3 |  3.0
Shapeshifting  | 1 3 |  3.3
Short Blades   | |  2.5
Dodging        | |  2.6
Stealth        | |  7.2

Action                     || total
---------------------------++-------
  Melee: Short sword       ||    29
         Punch             ||     2
   Stab: Sleeping          ||    12
 Armour: Robe              ||     3
  Dodge: Dodged            ||     7

Table legend: (Time is in decaauts)
 A = Elapsed time spent in this place.
 B = Non-inter-level travel time spent in this place.
 C = Inter-level travel time spent in this place.
 D = Time resting spent in this place.
 E = Time spent auto-exploring this place.
 F = Levels seen in this place.
 G = Mean time per level.
                   A        B        C        D        E       F      G
               +--------+--------+--------+--------+--------+-----+--------+
         Total |    426 |    408 |     18 |      0 |     34 |   3 |  142.0 |
       Dungeon |    426 |    408 |     18 |      0 |     34 |   3 |  142.0 |
               +--------+--------+--------+--------+--------+-----+--------+

Top non-repeatable levels by time:
     D:4: 351 daAuts
     D:5: 40 daAuts
     D:3: 33 daAuts
